[Event "82nd Tata Steel Challengers 2020"]
[Site "Wijk aan Zee"]
[Date "2020.01.11"]
[Round "1.3"]
[White "Smeets, Jan"]
[Black "Van Foreest, Lucas"]
[Result "1/2-1/2"]
[ECO "C45"]
[WhiteElo "2585"]
[BlackElo "2523"]
[Annotator "ChessBase"]
[PlyCount "103"]
[EventDate "2020.01.11"]
[EventType "tourn"]
[EventCountry "NED"]
[SourceTitle "playchess.com"]
[Source "ChessBase"]
[SourceQuality "1"]
[TimeControl "40/6000+30:20/3000+30:900+30"]

1. e4 e5 2. Nf3 Nc6 3. d4 exd4 4. Nxd4 Nf6 5. Nxc6 bxc6 6. Bd3 d5 7. exd5 cxd5 8. O-O Be7 9. c4 d4 10. Bg5 O-O 11. Qc2 h6 12. Bxf6 Bxf6 13. b4 Be7 14. a3 c5 15. b5 Bb7 16. Nd2 Bd6 17. Rfe1 f5 18. Re6 Bc8 19. Re2 Bb7 20. Bxf5 Qf6 21. Bh7+ Kh8 22. Qd3 g6 23. Qxg6 Bxg2 24. Qxf6+ Rxf6 25. Kxg2 Kxh7 26. Ne4 Rg6+ 27. Ng3 a6 28. Rb1 axb5 29. Rxb5 d3 30. Rd2 Rxa3 31. Kf3 Rf6+ 32. Kg2 Re6 33. Kf3 Rf6+ 34. Kg2 Bf4 35. Rd1 d2 36. Ne2 Bg5 37. f4 Bxf4 38. Nxf4 Rxf4 39. Rxd2 Rxc4 40. Rb6 Rg4+ 41. Kf2 Ra7 42. Rc6 Rf7+ 43. Ke3 Rg5 44. Ra2 Re5+ 45. Kd3 Rf3+ 46. Kc4 Rf4+ 47. Kc3 Re3+ 48. Kd2 Re7 49. Kc3 Rf5 50. Ra5 Rh5 51. Raxc5 Rxh2 52. Rc7 1/2-1/2

[Event "82nd Tata Steel Challengers 2020"]
[Site "Wijk aan Zee"]
[Date "2020.01.11"]
[Round "1.5"]
[White "L'Ami, Erwin"]
[Black "Smirnov, Anton"]
[Result "1-0"]
[ECO "D11"]
[WhiteElo "2606"]
[BlackElo "2604"]
[Annotator "ChessBase"]
[PlyCount "93"]
[EventDate "2020.01.11"]
[EventType "tourn"]
[EventCountry "NED"]
[SourceTitle "playchess.com"]
[Source "ChessBase"]
[SourceQuality "1"]
[TimeControl "40/6000+30:20/3000+30:900+30"]

1. d4 d5 2. c4 c6 3. Nf3 Nf6 4. e3 Bg4 5. Qb3 Qb6 6. Ne5 Bf5 7. cxd5 Qxb3 8. axb3 Nxd5 9. Bd3 Bxd3 10. Nxd3 Na6 11. Bd2 e6 12. Ke2 Be7 13. Na3 O-O 14. Nc4 c5 15. Rxa6 bxa6 16. dxc5 Rfc8 17. b4 f6 18. e4 Nc7 19. Bc3 Nb5 20. Ra1 Rc6 21. e5 Bd8 22. Nd6 Rb8 23. f4 h5 24. g3 Nc7 25. Ke3 f5 26. Bd2 Kf8 27. Kd4 g6 28. Ne1 Nb5+ 29. Nxb5 axb5 30. Rxa7 Rcc8 31. Nc2 Ra8 32. Rd7 Be7 33. Ke3 Ke8 34. Rd6 Bxd6 35. exd6 Kd7 36. Nd4 Ra2 37. Bc3 Ra1 38. Nxb5 Rh1 39. h4 Rg1 40. Kf2 Rd1 41. Nd4 Ra8 42. Ke2 Rg1 43. b5 Rxg3 44. Bb4 Rg2+ 45. Kd3 Rxb2 46. c6+ Kc8 47. Nxe6 1-0

[Event "82nd Tata Steel Challengers 2020"]
[Site "Wijk aan Zee"]
[Date "2020.01.12"]
[Round "2.2"]
[White "Smirnov, Anton"]
[Black "Keymer, Vincent"]
[Result "1/2-1/2"]
[ECO "B90"]
[WhiteElo "2604"]
[BlackElo "2527"]
[Annotator "ChessBase"]
[PlyCount "76"]
[EventDate "2020.01.11"]
[EventType "tourn"]
[EventCountry "NED"]
[SourceTitle "playchess.com"]
[Source "ChessBase"]
[SourceQuality "1"]
[TimeControl "40/6000+30:20/3000+30:900+30"]

1. e4 c5 2. Nf3 d6 3. d4 cxd4 4. Nxd4 Nf6 5. Nc3 a6 6. Be3 e5 7. Nf3 Be7 8. Nd2 b5 9. a4 b4 10. Nd5 Nxd5 11. exd5 O-O 12. Nc4 Nd7 13. a5 f5 14. f3 Nf6 15. Be2 Qe8 16. f4 Bb7 17. Nb6 Rd8 18. O-O Ne4 19. Ra4 exf4 20. Bxf4 b3 21. cxb3 Bf6 22. Bf3 Nc5 23. Rc4 Rf7 24. b4 Nd7 25. Nxd7 Rdxd7 26. Rc6 g5 27. Bg3 g4 28. Be2 Be5 29. Bxe5 Qxe5 30. Bxa6 Bxa6 31. Rxa6 Qxb2 32. Rxf5 Rxf5 33. Qxg4+ Rg7 34. Ra8+ Rf8 35. Qe6+ Rgf7 36. Rxf8+ Kxf8 37. Qc8+ Kg7 38. Qg4+ Kf8 1/2-1/2

[Event "82nd Tata Steel Challengers 2020"]
[Site "Wijk aan Zee"]
[Date "2020.01.12"]
[Round "2.4"]
[White "Abdusattorov, Nodirbek"]
[Black "Smeets, Jan"]
[Result "0-1"]
[ECO "C42"]
[WhiteElo "2635"]
[BlackElo "2585"]
[Annotator "ChessBase"]
[PlyCount "82"]
[EventDate "2020.01.11"]
[EventType "tourn"]
[EventCountry "NED"]
[SourceTitle "playchess.com"]
[Source "ChessBase"]
[SourceQuality "1"]
[TimeControl "40/6000+30:20/3000+30:900+30"]

1. e4 e5 2. Nf3 Nf6 3. Nxe5 d6 4. Nf3 Nxe4 5. Nc3 Nxc3 6. dxc3 Be7 7. Be3 O-O 8. Qd2 Nd7 9. O-O-O c6 10. Kb1 d5 11. h3 Re8 12. c4 Nb6 13. cxd5 Nxd5 14. Bc4 Be6 15. Bg5 f6 16. Bh4 Bf7 17. Rhe1 b5 18. Bb3 Qb6 19. Re2 Red8 20. Qc1 Bc5 21. Nd2 a5 22. Ne4 Bf8 23. c4 a4 24. c5 Qa7 25. Bxd5 Bxd5 26. Nd6 Bxd6 27. cxd6 Rxd6 28. Bg3 Rdd8 29. Rde1 Qf7 30. a3 Bxg2 31. Re7 Qg6+ 32. Ka1 Re8 33. Qc5 Bd5 34. h4 h5 35. Bf4 Rxe7 36. Qxe7 Rf8 37. Bd2 Rf7 38. Qe2 Rd7 39. Bc3 Kh7 40. f4 Qf5 41. Bd4 Bf7 0-1

[Event "82nd Tata Steel Challengers 2020"]
[Site "Wijk aan Zee"]
[Date "2020.01.17"]
[Round "6.5"]
[White "Saduakassova, Dinara"]
[Black "Keymer, Vincent"]
[Result "0-1"]
[ECO "E08"]
[WhiteElo "2519"]
[BlackElo "2527"]
[Annotator "ChessBase"]
[PlyCount "160"]
[EventDate "2020.01.11"]
[EventType "tourn"]
[EventCountry "NED"]
[SourceTitle "playchess.com"]
[Source "ChessBase"]
[SourceQuality "1"]
[TimeControl "40/6000+30:20/3000+30:900+30"]

1. d4 d5 2. c4 e6 3. Nf3 Nf6 4. g3 Bb4+ 5. Bd2 Be7 6. Bg2 O-O 7. O-O c6 8. Qc2 Nbd7 9. Bf4 b6 10. Rd1 Bb7 11. Ne5 Nh5 12. Bc1 Nhf6 13. Bf4 Nh5 14. Bd2 Nhf6 15. cxd5 cxd5 16. Nc6 Bxc6 17. Qxc6 Rc8 18. Qb5 Ne8 19. Qd3 Nd6 20. Bc3 f5 21. Nd2 Ne4 22. Rac1 Ndf6 23. f3 Nd6 24. e4 fxe4 25. fxe4 Nfxe4 26. Nxe4 Nxe4 27. Bxe4 dxe4 28. Qxe4 Qd5 29. Re1 Bf6 30. Kg2 Rc4 31. Rcd1 Qxe4+ 32. Rxe4 e5 33. g4 exd4 34. g5 Bxg5 35. Rexd4 Rxd4 36. Rxd4 Bf6 37. Rc4 Bxc3 38. Rxc3 Rd8 39. Kf3 Rd7 40. Rc6 h6 41. Ke3 Kh7 42. b3 Re7+ 43. Kf3 Rf7+ 44. Ke3 h5 45. h4 Re7+ 46. Kf3 Rd7 47. Ke3 Rf7 48. Rc2 Kh6 49. Rc6+ g6 50. Rc8 Rf1 51. Rh8+ Kg7 52. Ra8 Rf7 53. Rc8 Rd7 54. Rc6 Kh6 55. Rc8 Rd1 56. Rh8+ Kg7 57. Ra8 a5 58. Rb8 Rh1 59. Rxb6 Rh3+ 60. Kf2 Rxh4 61. a4 Rh3 62. Rb5 Kh6 63. Kg2 Rc3 64. b4 Rc4 65. bxa5 Rxa4 66. Kg3 h4+ 67. Kh3 g5 68. Rb8 Rxa5 69. Rh8+ Kg7 70. Rb8 Ra4 71. Rc8 Kf7 72. Rb8 Ke7 73. Rb6 Ra3+ 74. Kh2 Kf7 75. Rc6 Rf3 76. Rh6 Kg7 77. Rh5 Kg6 78. Rh8 Kf5 79. Rb8 Kg4 80. Rb4+ Rf4 0-1

[Event "82nd Tata Steel Challengers 2020"]
[Site "Wijk aan Zee"]
[Date "2020.01.18"]
[Round "7.6"]
[White "Smirnov, Anton"]
[Black "Warmerdam, Max"]
[Result "1/2-1/2"]
[ECO "D38"]
[WhiteElo "2604"]
[BlackElo "2498"]
[Annotator "ChessBase"]
[PlyCount "65"]
[EventDate "2020.01.11"]
[EventType "tourn"]
[EventCountry "NED"]
[SourceTitle "playchess.com"]
[Source "ChessBase"]
[SourceQuality "1"]
[TimeControl "40/6000+30:20/3000+30:900+30"]

1. d4 Nf6 2. c4 e6 3. Nf3 d5 4. Nc3 Bb4 5. Qa4+ Nc6 6. e3 O-O 7. a3 Bxc3+ 8. bxc3 Ne4 9. Qc2 b6 10. Bd3 Ba6 11. cxd5 Bxd3 12. Qxd3 exd5 13. Nd2 Nxd2 14. Bxd2 Na5 15. O-O Nc4 16. e4 Nxd2 17. Qxd2 dxe4 18. Qf4 Qe7 19. Rfe1 Rae8 20. f3 f5 21. fxe4 fxe4 22. Qe3 Rf5 23. Re2 h6 24. c4 Qf6 25. Rae1 Rf8 26. h3 Rf4 27. d5 Qe5 28. Rd2 Kh8 29. Rde2 R8f6 30. Rd2 R6f5 31. Rd4 Rf3 32. Qxe4 Qg3 33. Qh4 1/2-1/2

[Event "82nd Tata Steel Challengers 2020"]
[Site "Wijk aan Zee"]
[Date "2020.01.19"]
[Round "8.1"]
[White "Van Foreest, Lucas"]
[Black "Smirnov, Anton"]
[Result "1/2-1/2"]
[ECO "E01"]
[WhiteElo "2523"]
[BlackElo "2604"]
[Annotator "ChessBase"]
[PlyCount "48"]
[EventDate "2020.01.11"]
[EventType "tourn"]
[EventCountry "NED"]
[SourceTitle "playchess.com"]
[Source "ChessBase"]
[SourceQuality "1"]
[TimeControl "40/6000+30:20/3000+30:900+30"]

1. d4 e6 2. Nf3 Nf6 3. c4 d5 4. g3 Bb4+ 5. Bd2 Bd6 6. Bg2 c6 7. O-O Nbd7 8. Nc3 dxc4 9. e4 e5 10. Qe2 b5 11. dxe5 Nxe5 12. Nxe5 Bxe5 13. f4 Bd4+ 14. Kh1 O-O 15. e5 Bg4 16. Qe1 Nd5 17. Nxd5 cxd5 18. Bb4 Re8 19. Qd2 Qb6 20. Ba5 Be3 21. Qe1 Qc5 22. Bb4 Qb6 23. Ba5 Qc5 24. Bb4 Qb6 1/2-1/2

[Event "82nd Tata Steel Challengers 2020"]
[Site "Wijk aan Zee"]
[Date "2020.01.19"]
[Round "8.4"]
[White "Ganguly, Surya Shekhar"]
[Black "L'Ami, Erwin"]
[Result "1/2-1/2"]
[ECO "D35"]
[WhiteElo "2636"]
[BlackElo "2606"]
[Annotator "RC"]
[PlyCount "97"]
[EventDate "2020.01.11"]
[EventType "tourn"]
[EventCountry "NED"]
[SourceTitle "playchess.com"]
[Source "ChessBase"]
[SourceQuality "1"]
[TimeControl "40/6000+30:20/3000+30:900+30"]

1. c4 e6 2. Nc3 d5 3. d4 Nf6 4. cxd5 exd5 5. Bg5 c6 6. e3 Bf5 7. Qf3 Bg6 8. Bxf6 Qxf6 9. Qxf6 gxf6 10. Nf3 Be7 11. Nh4 Nd7 12. Ne2 f5 13. g3 Bxh4 14. gxh4 Nf6 15. Nf4 Nh5 16. Be2 Nxf4 17. exf4 h5 18. Kd2 Kd7 19. Bd3 Rae8 20. Rhg1 Kd6 21. b4 Re7 22. a4 Rhe8 23. Ra3 b6 24. Rc3 Rc7 25. Rgc1 Ree7 26. a5 Re8 27. axb6 axb6 28. Ra1 b5 29. Ra6 Kd7 30. Rc5 Re6 31. Ra8 Rb7 32. Rc1 Ke7 33. Rca1 Kd7 34. Rf8 Ke7 35. Rh8 Kf6 36. Rc8 Rb6 37. Rd8 Re7 38. Raa8 Re6 39. Ra7 Kg7 40. Rdd7 Kf6 41. Bc2 Re8 42. Ra3 Re6 43. Rd8 Re7 44. Rda8 Re6 45. Rg3 Re7 46. Rg5 Re6 47. Ra7 Re8 48. Ra3 Re6 49. Bd3 {[%emt 0:00:07] Ke5} 1/2-1/2

[Event "82nd Tata Steel Challengers 2020"]
[Site "Wijk aan Zee"]
[Date "2020.01.19"]
[Round "8.7"]
[White "Smeets, Jan"]
[Black "Keymer, Vincent"]
[Result "0-1"]
[ECO "B55"]
[WhiteElo "2585"]
[BlackElo "2527"]
[Annotator "ChessBase"]
[PlyCount "94"]
[EventDate "2020.01.11"]
[EventType "tourn"]
[EventCountry "NED"]
[SourceTitle "playchess.com"]
[Source "ChessBase"]
[SourceQuality "1"]
[TimeControl "40/6000+30:20/3000+30:900+30"]

1. e4 c5 2. Nf3 d6 3. d4 cxd4 4. Nxd4 Nf6 5. f3 e5 6. Nb3 d5 7. Bg5 Be6 8. Bxf6 gxf6 9. exd5 Qxd5 10. Qxd5 Bxd5 11. Nc3 Be6 12. O-O-O Nc6 13. Bb5 Rc8 14. Nd5 f5 15. Nf6+ Ke7 16. Nd5+ Ke8 17. Ba4 Bh6+ 18. Kb1 Kf8 19. Nc5 Nd4 20. Nxe6+ fxe6 21. Nf6 Ke7 22. Nd7 Rhd8 23. Nxe5 Bg7 24. f4 Bxe5 25. fxe5 Rc4 26. b3 Rc7 27. Rd3 Ne2 28. Rh3 Kf8 29. Kb2 Nf4 30. Rg3 Rd4 31. a3 Ng6 32. Re1 Rd5 33. b4 Rxe5 34. Rd1 Re2 35. Rd8+ Ke7 36. Ra8 a6 37. h4 Kf6 38. h5 Nf4 39. Rf8+ Ke5 40. h6 Rxg2 41. Rc3 Rxc3 42. Kxc3 Nd5+ 43. Kd3 f4 44. Rf7 Nf6 45. Rxb7 Ne4 46. Rg7 Rd2+ 47. Kc4 f3 {[%emt 0:00:15] Kd4+} 0-1

[Event "82nd Tata Steel Challengers 2020"]
[Site "Wijk aan Zee"]
[Date "2020.01.25"]
[Round "12.6"]
[White "Saduakassova, Dinara"]
[Black "Van Foreest, Lucas"]
[Result "0-1"]
[ECO "A40"]
[WhiteElo "2519"]
[BlackElo "2523"]
[Annotator "ChessBase"]
[PlyCount "80"]
[EventDate "2020.01.11"]
[EventType "tourn"]
[EventCountry "NED"]
[SourceTitle "playchess.com"]
[Source "ChessBase"]
[SourceQuality "1"]
[TimeControl "40/6000+30:20/3000+30:900+30"]

1. d4 g6 2. Nf3 Bg7 3. g3 c5 4. c3 cxd4 5. cxd4 b6 6. Bg2 Bb7 7. Nc3 Nf6 8. O-O O-O 9. d5 Na6 10. Nd4 Nc7 11. d6 Ncd5 12. Nxd5 Bxd5 13. Bxd5 Nxd5 14. Bg5 h6 15. dxe7 Nxe7 16. Bf4 Nc6 17. Nb5 Bxb2 18. Bxh6 Re8 19. Rb1 Be5 20. Qd2 Qf6 21. Bg5 Qf5 22. Be3 Rac8 23. Rfd1 a6 24. Nd6 Bxd6 25. Qxd6 Ne5 26. Bf4 Ng4 27. Rb2 g5 28. Qd5 Re5 29. Qb7 Rce8 30. f3 Rxe2 31. Qxb6 Nxh2 32. Rxe2 Rxe2 33. Qxa6 Nxf3+ 34. Kf1 Re8 35. Qd3 Qh3+ 36. Kf2 g4 37. Be3 Qh2+ 38. Kf1 Qxg3 39. Rc1 Nh4 40. Rc3 Qf3+ 0-1